 Dungeon Crawl Stone Soup version 0.30-a0-55-g90e3122c3a (webtiles) character file.

Game seed: 11748807106749869457

254 porpoise the Ruffian (level 5, -3/53 HPs)
             Began as a Troll Artificer on Sept 10, 2022.
             Slain by Menkaure (21 damage)
             ... on level 4 of the Dungeon.
             The game lasted 00:09:51 (2656 turns).

porpoise the Ruffian (Troll Artificer)              Turns: 2656, Time: 00:09:52

Health: -3/53      AC:  5    Str: 20    XL:     5   Next: 91%
Magic:  4/4        EV: 10    Int:  7    God:
Gold:   194        SH:  0    Dex: 12    Spells: 4/4 levels left

rFire   . . .      SeeInvis .      - Unarmed
rCold   . . .      Faith    .    (no shield)
rNeg    . . .      Spirit   .    b - +0 robe
rPois   .          Reflect  .    (helmet restricted)
rElec   .          Harm     .    l - +0 cloak
rCorr   .          Rampage  .    (gloves unavailable)
Will    .....                    (boots unavailable)
Stlth   +.........               q - amulet of regeneration
HPRegen 1.77/turn                (no ring)
MPRegen 0.09/turn                (no ring)

@: mighty
A: large, unfitting armour, claws 3, regeneration 1, shaggy fur 1, tough skin 1
a: no special abilities


You were on level 4 of the Dungeon.
You visited 1 branch of the dungeon, and saw 4 of its levels.

You collected 194 gold pieces.

Inventory:

Missiles
 p - a throwing net
Armour
 b - a +0 robe (worn)
 l - a +0 cloak (worn)
Jewellery
 q - an amulet of regeneration (around neck)
Wands
 c - a wand of flame (35) (quivered)
 d - a wand of charming (15)
 e - a wand of iceblast (5)
 g - a wand of light (9)
Scrolls
 h - a scroll of noise
 i - 2 scrolls of teleportation
 n - a scroll of immolation {unknown}
 o - a scroll of enchant armour {unknown}
Potions
 a - a potion of mutation
 j - a potion of flight
 k - a potion of experience {unknown}
 m - a potion of curing {unknown}


   Skills:
 + Level 3.4 Fighting
 - Level 1.9 Dodging
 - Level 0.3 Stealth
 + Level 4.0 Unarmed Combat
 - Level 2.1 Evocations


You had 4 spell levels left.
You didn't know any spells.
Your spell library contained the following spells:

 Spells                   Type           Power      Damage    Failure   Level
 Apportation              Tloc           0%         N/A       43%         1
 Alistair's Intoxication  Tmut/Pois      0%         N/A       100%        5


Dungeon Overview and Level Annotations

Branches:
Dungeon (4/15)
 Temple: D:4-7

Altars:

Shops:
D:1 [   D:2 (((

Annotations:
D:4 Menkaure


Innate Abilities, Weirdness & Mutations

You are too large for most types of armour.
You have claws for hands.
Your natural rate of healing is unusually fast.
You are covered in fur. (AC +1)
You have tough skin. (AC +1)


Message History

Blork the orc comes into view.
He is wielding a +0 long sword.
Blork the orc shouts!
You hear a shout!
A kobold comes into view.
It is wielding a +0 short sword and carrying a wand of flame (23).
You claw Blork the orc!
Blork the orc is heavily wounded.
Blork the orc hits you with a +0 long sword!
You scratch Blork the orc.
Blork the orc is heavily wounded.
Blork the orc barely misses you.
You barely miss Blork the orc.
Blork the orc is heavily wounded.
Blork the orc hits you with a +0 long sword!
You barely miss Blork the orc.
Blork the orc is heavily wounded.
Blork the orc casts a spell at you. The magic dart hits you!
You barely miss Blork the orc.
Blork the orc is heavily wounded.
Blork the orc looks satisfied for a moment.
You scratch Blork the orc.
Blork the orc is severely wounded.
Blork the orc hits you with a +0 long sword!
You closely miss Blork the orc.
Blork the orc is severely wounded.
Blork the orc hits you with a +0 long sword!
* * * LOW HITPOINT WARNING * * *
You scratch Blork the orc.
Blork the orc is almost dead.
Blork the orc barely misses you.
You scratch Blork the orc but do no damage.
Blork the orc is almost dead.
Menkaure, Prince of Dust comes into view.
You feel very mighty all of a sudden.
Blork the orc hits you with a +0 long sword.
* * * LOW HITPOINT WARNING * * *
You mangle Blork the orc!!
You kill Blork the orc!
Your Unarmed Combat skill increases to level 4!
Menkaure hits you!!
You die...

..# #.## #.....# ..# #.. .#.....#
..# #.. .#.....# ..# ... #
.#.....# ).# #.# .. #..#.....+
.<###.###..# #..#.....###
.##........# #...<....... .
#.#.#######.###M######### .
#.#.........#.@.......
.##†#..######.#.#.###############
........<.....#.#.......#.......)
###.##...##...#.#....##.#.#######
##.##...##...#.#.........##.....
#...#...#..).#.#.##.#.#####.###.
#...#...#.#..#.#....#.# #.# ##
#............#.#.##.#.# #.####
##..##.###.#.##.#.####.# #.#...


You could see Menkaure.

Vanquished Creatures
  Blork the orc (D:4)
  2 hounds (D:4)
  Terence (D:2)
  3 adders (D:3)
  2 gnolls (D:4)
  A dart slug (D:3)
  5 orcs
  5 ball pythons
  4 endoplasms
  2 giant cockroaches
  6 goblins
  5 hobgoblins
  3 jackals (D:1)
  2 kobolds
  A quokka (D:2)
  6 bats
  4 frilled lizards (D:3)
  5 rats
58 creatures vanquished.

Notes
Turn   | Place    | Note
-------+----------+-------------------------------------------
     0 | D:1      | porpoise the Troll Artificer began the quest for the Orb.
     0 | D:1      | Reached XP level 1. HP: 18/18 MP: 0/0
   109 | D:1      | Reached skill level 1 in Fighting
   130 | D:1      | Reached skill level 1 in Unarmed Combat
   132 | D:1      | Reached XP level 2. HP: 26/27 MP: 1/1
   467 | D:1      | Found Riminann's Armour Emporium.
   712 | D:2      | Found Bodaus's Weapon Shoppe.
   841 | D:2      | Noticed Terence
   845 | D:2      | Killed Terence
   846 | D:2      | Reached skill level 2 in Unarmed Combat
   846 | D:2      | Reached XP level 3. HP: 35/35 MP: 2/2
   973 | D:2      | Found Ecwar's Weapon Boutique.
  1197 | D:2      | Found a faded altar of an unknown god.
  1370 | D:2      | Found Dali Myd's Weapon Shop.
  1639 | D:3      | Reached XP level 4. HP: 41/42 MP: 3/3
  2135 | D:4      | Reached skill level 3 in Unarmed Combat
  2224 | D:4      | Reached XP level 5. HP: 52/52 MP: 4/4
  2641 | D:4      | Noticed Blork the orc
  2653 | D:4      | Noticed Menkaure
  2655 | D:4      | Killed Blork the orc
  2656 | D:4      | Reached skill level 4 in Unarmed Combat
  2656 | D:4      | Slain by Menkaure

Illustrated notes

Levels and vault maps discovered:
D:1:      sevenhm_arrival_forest_fort_small_3, layout_rooms, serial_shops,
          shop_fountains, st_stairs_8, fountainhead
D:2:      layout_basic, serial_shops, shop, shop_statue, shop,
          shapermc_ecumenical_altar_mp_highgroup, uniq_terence
D:3:      layout_rooms
D:4:      layout_basic, serial_shops, shop, grunt_decor_mini_mirrors,
          cheibrodos_gnoll_hut, uniq_blork_the_orc, uniq_menkaure, uniq_robin

Skill      XL: |  1  2  3  4  5 |
---------------+----------------+-----
Fighting       | 1 2 3 |  3.4
Unarmed Combat | 1 2 3 4 |  4.0
Dodging        | |  1.9
Stealth        | |  0.3
Evocations     | |  2.1

Action                   |  1- 3 |  4- 6 || total
-------------------------+-------+-------++-------
Melee: Unarmed           |   107 |    54 ||   161
Evoke: Wand              |     4 |       ||     4
  Use: Scroll            |       |     5 ||     5
       Potion            |       |     1 ||     1
 Stab: Sleeping          |       |     1 ||     1
Armor: Robe              |    43 |    10 ||    53
Dodge: Dodged            |    54 |    17 ||    71

Table legend: (Time is in decaauts)
 A = Elapsed time spent in this place.
 B = Non-inter-level travel time spent in this place.
 C = Inter-level travel time spent in this place.
 D = Time resting spent in this place.
 E = Time spent auto-exploring this place.
 F = Levels seen in this place.
 G = Mean time per level.
                   A        B        C        D        E       F      G
               +--------+--------+--------+--------+--------+-----+--------+
         Total |   2651 |   2565 |     86 |    824 |   1276 |   4 |  662.8 |
       Dungeon |   2651 |   2565 |     86 |    824 |   1276 |   4 |  662.8 |
               +--------+--------+--------+--------+--------+-----+--------+

Top non-repeatable levels by time:
     D:2: 797 daAuts
     D:3: 687 daAuts
     D:1: 681 daAuts
     D:4: 484 daAuts
